 Dungeon Crawl Stone Soup version 0.15.1-4-gac8487e (webtiles) character file.

1375 Johnny the Chiller (level 8, -17/63 HPs)
             Began as a Demigod Ice Elementalist on Oct 16, 2014.
             Engulfed by their own freezing vapour (18 damage)
             ... on Level 6 of the Dungeon.
             The game lasted 00:16:17 (7195 turns).

Johnny the Chiller (Demigod Ice Elementalist)       Turns: 7195, Time: 00:16:17

HP -17/63        AC  7     Str 14      XL: 8   Next: 16%
MP  16/20        EV 13     Int 26      God:
Gold 80          SH  0     Dex 17      Spells:  3 memorised,  6 levels left

rFire  + + +     SeeInvis .     n - +1 dagger (speed)
rCold  . . .     Clarity  .     h - +1 leather armour {rF+}
rNeg   . . .     rCorr    .     (no shield)
rPois  +         rRot     .     (no helmet)
rElec  .         Spirit   .     A - +1 cloak {rPois}
SustAb .         Warding  .     y - +0 pair of gloves (curse)
rMut   .         Stasis   .     (no boots)
Gourm  .                        (no amulet)
MR     .....                    x - ring of protection from fire
                                w - ring of protection from fire

@: brilliant, very slightly contaminated, not resistant to hostile enchantments,
unstealthy
A: no striking features
a: no special abilities


You were on level 6 of the Dungeon.
You were near starving.

You visited 1 branch of the dungeon, and saw 6 of its levels.
You also visited: Sewer.

You collected 288 gold pieces.
You spent 208 gold pieces at shops.

Inventory:

Hand weapons
 d - a +0 short sword
 l - a +2 dagger of holy wrath
 n - a +1 dagger of speed (weapon)
Missiles
 o - 7 javelins (quivered)
Armour
 e - a +0 ring mail
 h - a +1 leather armour of fire resistance (worn)
 y - a cursed +0 pair of gloves (worn)
 A - a +1 cloak of poison resistance (worn)
Magical devices
 i - a wand of fireball (0)
Comestibles
 c - 2 bread rations
 r - 3 meat rations
Scrolls
 a - 2 scrolls of magic mapping
 k - 3 scrolls of recharging
 p - 2 scrolls of remove curse
 q - a scroll of enchant weapon
 t - 2 scrolls of amnesia {unknown}
 B - a scroll of fear {unknown}
 D - 2 scrolls of random uselessness {unknown}
Jewellery
 w - a ring of protection from fire (left hand)
 x - a ring of protection from fire (right hand)
Potions
 g - 2 potions of might
 j - a potion of brilliance
 m - a potion of agility {unknown}
 s - 2 potions of restore abilities {unknown}
 u - 2 potions of magic {unknown}
 v - 2 potions of flight {unknown}
 z - a potion of invisibility {unknown}
 C - 2 potions of poison {unknown}
Books
 b - a book of Frost

   Spells                             Type                      Level
   *Freeze                            Ice                          1
   Throw Frost                        Conjuration/Ice              2
   *Ozocubu's Armour                  Charms/Ice                   3
   Throw Icicle                       Conjuration/Ice              4
   *Summon Ice Beast                  Ice/Summoning                4
   Condensation Shield                Ice                          4


   Skills:
 * Level 3.3 Fighting
 + Level 2.1 Armour
 + Level 3.3 Dodging
 + Level 3.8 Stealth
 * Level 3.7 Spellcasting
   Level 0.8 Conjurations
 * Level 2.0 Charms
 * Level 3.3 Summonings
 * Level 4.6 Ice Magic
 + Level 1.7 Evocations


You had 6 spell levels left.
You knew the following spells:

 Your Spells              Type           Power        Failure   Level  Hunger
a - Freeze                Ice            ####         1%          1    None
b - Summon Ice Beast      Ice/Summ       #####...     2%          4    ####...
c - Ozocubu's Armour      Chrm/Ice       #####...     1%          3    ###....


Dungeon Overview and Level Annotations

Branches:
Dungeon (6/15)             Temple (0/1) D:4

Shops:
D:5 :*[=

Annotations:
D:4 Grinder


Message History

A yak is nearby!
A manticore comes into view.
Casting: Freeze
Confirm with . or Enter, or press ? or * to list all spells.
You miscast Summon Ice Beast.
You are very lightly contaminated with residual magic.
Freezing gasses pour from your hands!
You are engulfed in freezing vapours.
Unknown command.
Read which item? (? for menu, Esc to quit)
Okay, then.
You are engulfed in freezing vapours.
* * * LOW HITPOINT WARNING * * *
Drink which item? (? for menu, Esc to quit)
You feel better.
You are engulfed in freezing vapours.
* * * LOW HITPOINT WARNING * * *
You are near starving!
Drink which item? (? for menu, Esc to quit)
You feel clever all of a sudden.
It was a potion of brilliance.
You are engulfed in freezing vapours.
You die...

..# *.**H* *,* #.#
*.##.* *.##### ..#
*#..#* *...... ..#
#..# *###### ..#
#Y.# ##### ..#
#§§# ###...# ..#
#§§# #.#.(.# ..#
#§§# #.#...# ..#
#@§# ##.#...## #.#
#§§# #........ #.#
#''# #........ #.#
#..#######........
#%#
#.................
#.#
##########........
#.# #........ #.#
#........ #.#
#........


You could see a yak.

Vanquished Creatures
  A phantom (D:4)
  A yellow wasp (D:6)
  2 centaurs (D:5)
  An ice beast (D:6)
  2 giant frogs (D:6)
  5 big kobolds (Sewer)
  A jelly (D:6)
  2 hounds
  An orc wizard (D:6)
  3 worker ants
  A hound zombie (D:6)
  6 adders
  2 green rats
  3 giant mites
  A shadow imp (D:6)
  5 worms
  6 giant geckos
  5 oozes
  5 orcs
  2 ball pythons (Sewer)
  8 bats
  3 giant cockroaches
  6 goblins
  12 hobgoblins
  A quokka (D:4)
  2 giant newts
  17 kobolds
  A kobold zombie (D:5)
  An orc skeleton (D:6)
  15 rats
  A rat zombie (D:5)
122 creatures vanquished.

Vanquished Creatures (collateral kills)
  An ogre (D:6)
  A centaur zombie (D:6)
  A green rat (D:6)
  A giant cockroach (D:6)
  A rat (D:6)
5 creatures vanquished.

Grand Total: 127 creatures vanquished

Notes
Turn   | Place    | Note
--------------------------------------------------------------
     0 | D:1      | Johnny, the Demigod Ice Elementalist, began the quest for the Orb.
     0 | D:1      | Reached XP level 1. HP: 14/14 MP: 3/3
   344 | D:1      | Reached XP level 2. HP: 5/22 MP: 1/4
  1358 | D:2      | Reached skill level 1 in Fighting
  1378 | D:2      | Reached XP level 3. HP: 14/28 MP: 0/8
  1952 | D:2      | Reached skill level 3 in Ice Magic
  2277 | D:3      | Found a bloodstained altar of Trog.
  2937 | D:4      | Reached XP level 4. HP: 17/36 MP: 11/11
  2946 | D:4      | Learned a level 4 spell: Summon Ice Beast
  2956 | D:4      | Noticed a phantom
  2982 | D:5      | Entered Level 5 of the Dungeon
  3195 | D:5      | Found Phuat's Assorted Antiques.
  3204 | D:5      | Bought a scroll of identify for 60 gold pieces
  3212 | D:5      | Found Skyijemm's Book Shoppe.
  3264 | D:5      | Found Smyawu's Armour Emporium.
  3320 | D:5      | Noticed a centaur
  3330 | D:5      | Killed a centaur
  3330 | D:5      | Reached skill level 1 in Armour
  3330 | D:5      | Reached skill level 1 in Summonings
  3330 | D:5      | Reached XP level 5. HP: 7/41 MP: 4/12
  3722 | D:5      | Found Niynuuny's Jewellery Shop.
  3748 | D:5      | Found a sparkling altar of Nemelex Xobeh.
  3980 | D:4      | Found a staircase to the Ecumenical Temple.
  4078 | D:4      | Killed a phantom
  4322 | D:4      | Noticed Grinder
  4354 | D:4      | Paralysed by Grinder for 4 turns
  4470 | D:5      | Reached XP level 6. HP: 42/48 MP: 11/15
  5058 | D:5      | Bought a +1 cloak of poison resistance for 148 gold pieces
  5155 | D:6      | Found a glowing drain.
  5182 | Sewer    | Entered a sewer
  5327 | Sewer    | Reached XP level 7. HP: 45/56 MP: 8/18
  5473 | Sewer    | Reached skill level 4 in Ice Magic
  5489 | Sewer    | Learned a level 3 spell: Ozocubu's Armour
  5809 | Sewer    | Reached skill level 1 in Charms
  5926 | Sewer    | Reached skill level 1 in Evocations
  6631 | D:6      | Reached XP level 8. HP: 46/63 MP: 15/20
  6686 | D:6      | Found a deep blue altar of Sif Muna.
  6782 | D:6      | Found a sparkling altar of Nemelex Xobeh.
  7190 | D:6      | Noticed a yak
  7191 | D:6      | Noticed a manticore
  7194 | D:6      | HP: 1/63 [you] (21)]
  7195 | D:6      | Engulfed by their own freezing vapour

Action                   |  1- 3 |  4- 6 |  7- 9 || total
-------------------------+-------+-------+-------++-------
Melee: Short sword       |    60 |       |       ||    60
       Unarmed           |     2 |       |       ||     2
       Dagger            |   108 |    89 |    99 ||   296
 Cast: Freeze            |    34 |    58 |   116 ||   208
       Summon Ice Beast  |       |     1 |     4 ||     5
Evoke: Wand              |       |     2 |       ||     2
  Use: Potion            |     1 |     2 |     2 ||     5
       Scroll            |       |     6 |       ||     6
 Stab: Sleeping          |     1 |     1 |     2 ||     4
  Eat: Chunk             |     4 |     4 |     6 ||    14
       Meat ration       |     1 |       |       ||     1
       Pizza             |       |     1 |       ||     1
